| TOP OF THE 1ST |
|
Cleveland (APP) Indians batting - Pitching for Great Falls Voyagers : LHP David Schultz
|
|
Pitching: LHP David Schultz
|
|
|
Batting: RHB John Clark
|
0-0: Foul Ball, location: 2F 0-1: Ball 1-1: Ball 2-1: Called Strike 2-2: Strikes out swinging
|
|
Batting: RHB Carlos Manriquez
|
0-0: Called Strike 0-1: Foul Ball, location: 2F 0-2: Ball 1-2: Ball 2-2: Strikes out looking
|
|
Batting: RHB Juan Gallardo
|
0-0: Called Strike 0-1: Swinging Strike 0-2: Strikes out swinging
|
| Top of the 1st over - 0 runs, 0 hits, 0 errors, 0 left on base; Cleveland (APP) 0 - Great Falls 0 |
| BOTTOM OF THE 1ST |
|
Great Falls Voyagers batting - Pitching for Cleveland (APP) Indians : RHP Mike Shields
|
|
Pitching: RHP Mike Shields
|
|
|
Batting: RHB Andy Cotton
|
0-0: Foul Ball, location: 2F 0-1: Ball 1-1: SINGLE (Line Drive, 8LS, EV 91.9 MPH)
|
|
Batting: SHB Jose Romo
|
0-0: Ball 1-0: Called Strike 1-1: Foul Ball, location: 2F 1-2: Strikes out swinging
|
|
Batting: LHB Carlos Ramirez
|
0-0: Foul Ball, location: 2F 0-1: Foul Ball, location: 2F 0-2: Foul Ball, location: 2F 0-2: Ball Andy Cotton steals 2nd base 1-2: Foul Ball, location: 2F 1-2: Ground out U3 (Groundball, 34S, EV 85.0 MPH) Andy Cotton to third
|
|
Batting: RHB Vic Lucatero
|
0-0: Foul Ball, location: 2F 0-1: Ground out U3 (Groundball, 3, EV 89.4 MPH)
|
| Bottom of the 1st over - 0 runs, 1 hit, 0 errors, 1 left on base; Cleveland (APP) 0 - Great Falls 0 |
| TOP OF THE 2ND |
|
Cleveland (APP) Indians batting - Pitching for Great Falls Voyagers : LHP David Schultz
|
|
Batting: RHB Luis Roman
|
0-0: Swinging Strike 0-1: Fly out, F8 (Flyball, 89S, EV 76.2 MPH)
|
|
Batting: LHB Kenji Yokoyama
|
0-0: Ground out 4-3 (Groundball, 4, EV 85.6 MPH)
|
|
Batting: RHB Joe Shade
|
0-0: Ball 1-0: Called Strike 1-1: Ball 2-1: Swinging Strike 2-2: Strikes out swinging
|
| Top of the 2nd over - 0 runs, 0 hits, 0 errors, 0 left on base; Cleveland (APP) 0 - Great Falls 0 |
| BOTTOM OF THE 2ND |
|
Great Falls Voyagers batting - Pitching for Cleveland (APP) Indians : RHP Mike Shields
|
|
Batting: LHB Josh Pittman
|
0-0: Called Strike 0-1: Swinging Strike 0-2: Ball 1-2: Ball 2-2: Strikes out swinging
|
|
Batting: RHB Duncan Collins
|
0-0: Ball 1-0: Ball 2-0: Ball 3-0: Base on Balls
|
|
Batting: SHB Matt Childers
|
0-0: Called Strike 0-1: Ball Passed Ball! Duncan Collins to second 1-1: Foul Ball, location: 2F 1-2: Strikes out swinging
|
|
Batting: RHB Tommy Ellington
|
0-0: Ball Wild Pitch! Duncan Collins to third 1-0: Reached on error, E6 (Groundball, 6, EV 91.2 MPH) Duncan Collins scores
|
|
Batting: RHB Billy Grubbs
|
0-0: Called Strike 0-1: Swinging Strike Passed Ball! Tommy Ellington to second 0-2: SINGLE (Line Drive, 89S, EV 91.9 MPH) Tommy Ellington to third Runner from 3rd tries for Home, throw by CF and OUT! 8-2
|
| Bottom of the 2nd over - 1 run, 1 hit, 1 error, 1 left on base; Cleveland (APP) 0 - Great Falls 1 |
| TOP OF THE 3RD |
|
Cleveland (APP) Indians batting - Pitching for Great Falls Voyagers : LHP David Schultz
|
|
Batting: LHB Heath Ryland
|
0-0: Ball 1-0: Ball 2-0: Ground out 1-3 (Groundball, 13S, EV 69.4 MPH)
|
|
Batting: RHB Ken Shear
|
0-0: Ball 1-0: Foul Ball, location: 2F 1-1: Swinging Strike 1-2: Ball 2-2: Strikes out swinging
|
|
Batting: LHB Jose Esteban
|
0-0: Foul Ball, location: 2F 0-1: Ball 1-1: Called Strike 1-2: Ball 2-2: Strikes out swinging
|
| Top of the 3rd over - 0 runs, 0 hits, 0 errors, 0 left on base; Cleveland (APP) 0 - Great Falls 1 |
| BOTTOM OF THE 3RD |
|
Great Falls Voyagers batting - Pitching for Cleveland (APP) Indians : RHP Mike Shields
|
|
Batting: RHB Andy Cotton
|
0-0: Ball 1-0: Called Strike 1-1: Called Strike 1-2: Ball 2-2: Ground out U3 (Groundball, 34, EV 85.0 MPH)
|
|
Batting: SHB Jose Romo
|
0-0: Ball 1-0: Ball 2-0: Called Strike 2-1: Fly out, F7 (Line Drive, 7, EV 95.0 MPH)
|
|
Batting: LHB Carlos Ramirez
|
0-0: Ball 1-0: Swinging Strike 1-1: Foul Ball, location: 2F 1-2: Ball 2-2: Ball 3-2: Foul Ball, location: 2F 3-2: Fly out, F8 (Flyball, 8LXD, EV 92.5 MPH)
|
| Bottom of the 3rd over - 0 runs, 0 hits, 0 errors, 0 left on base; Cleveland (APP) 0 - Great Falls 1 |
| TOP OF THE 4TH |
|
Cleveland (APP) Indians batting - Pitching for Great Falls Voyagers : LHP David Schultz
|
|
Batting: RHB John Clark
|
0-0: SINGLE (Groundball, 4MS, EV 71.2 MPH) (infield hit)
|
|
Batting: RHB Carlos Manriquez
|
0-0: Fielders Choice at 2nd, 3-6 (Groundball, 3, EV 86.9 MPH)
|
|
Batting: RHB Juan Gallardo
|
0-0: Foul Ball, location: 2F 0-1: Foul Ball, location: 2F 0-2: Ball 1-2: Strikes out looking
|
|
Batting: RHB Luis Roman
|
0-0: Called Strike 0-1: Fly out, F8 (Flyball, 8LD, EV 84.4 MPH)
|
| Top of the 4th over - 0 runs, 1 hit, 0 errors, 1 left on base; Cleveland (APP) 0 - Great Falls 1 |
| BOTTOM OF THE 4TH |
|
Great Falls Voyagers batting - Pitching for Cleveland (APP) Indians : RHP Mike Shields
|
|
Batting: RHB Vic Lucatero
|
0-0: Ball 1-0: Ball 2-0: Called Strike 2-1: Foul Ball, location: 2F 2-2: Ground out 1-3 (Groundball, 15S, EV 70.6 MPH)
|
|
Batting: LHB Josh Pittman
|
0-0: Called Strike 0-1: Foul Ball, location: 2F 0-2: Foul Ball, location: 2F 0-2: Ground out 4-3 (Groundball, 4, EV 84.4 MPH)
|
|
Batting: RHB Duncan Collins
|
0-0: Called Strike 0-1: Ball 1-1: Ball 2-1: Ball 3-1: Called Strike 3-2: Ground out 6-3 (Groundball, 6, EV 81.2 MPH)
|
| Bottom of the 4th over - 0 runs, 0 hits, 0 errors, 0 left on base; Cleveland (APP) 0 - Great Falls 1 |
| TOP OF THE 5TH |
|
Cleveland (APP) Indians batting - Pitching for Great Falls Voyagers : LHP David Schultz
|
|
Batting: LHB Kenji Yokoyama
|
0-0: Swinging Strike 0-1: Foul Ball, location: 2F 0-2: Strikes out swinging
|
|
Batting: RHB Joe Shade
|
0-0: Foul Ball, location: 2F 0-1: Ball 1-1: Ball 2-1: Foul Ball, location: 2F 2-2: Strikes out swinging
|
|
Batting: LHB Heath Ryland
|
0-0: Foul Ball, location: 2F 0-1: Ball 1-1: SINGLE (Groundball, 4MD, EV 104.4 MPH)
|
|
Batting: RHB Ken Shear
|
0-0: Called Strike 0-1: Foul Ball, location: 2F 0-2: Ball 1-2: Strikes out swinging
|
| Top of the 5th over - 0 runs, 1 hit, 0 errors, 1 left on base; Cleveland (APP) 0 - Great Falls 1 |
| BOTTOM OF THE 5TH |
|
Great Falls Voyagers batting - Pitching for Cleveland (APP) Indians : RHP Mike Shields
|
|
Batting: SHB Matt Childers
|
0-0: Ball 1-0: Ball 2-0: Ball 3-0: Called Strike 3-1: Base on Balls
|
|
Batting: RHB Tommy Ellington
|
0-0: Called Strike 0-1: Fly out, F8 (Line Drive, 8LD, EV 100.6 MPH)
|
|
Batting: RHB Billy Grubbs
|
0-0: Ball Passed Ball! Matt Childers to second 1-0: Foul Ball, location: 2F 1-1: Foul Ball, location: 2F 1-2: Ball 2-2: Ground out 6-3 (Groundball, 56, EV 107.5 MPH)
|
|
Batting: RHB Andy Cotton
|
0-0: Foul Ball, location: 2F 0-1: Swinging Strike 0-2: Hit by Pitch
|
|
Batting: SHB Jose Romo
|
0-0: Foul Ball, location: 2F 0-1: Foul Ball, location: 2F 0-2: Strikes out swinging
|
| Bottom of the 5th over - 0 runs, 0 hits, 0 errors, 2 left on base; Cleveland (APP) 0 - Great Falls 1 |
| TOP OF THE 6TH |
|
Cleveland (APP) Indians batting - Pitching for Great Falls Voyagers : LHP David Schultz
|
|
Batting: LHB Jose Esteban
|
0-0: Foul Ball, location: 2F 0-1: Swinging Strike 0-2: Strikes out swinging
|
|
Batting: RHB John Clark
|
0-0: Ball 1-0: Called Strike 1-1: Ground out 6-3 (Groundball, 6, EV 81.9 MPH)
|
|
Batting: RHB Carlos Manriquez
|
0-0: Called Strike 0-1: Ball 1-1: Called Strike 1-2: Foul Ball, location: 2F 1-2: Strikes out swinging
|
| Top of the 6th over - 0 runs, 0 hits, 0 errors, 0 left on base; Cleveland (APP) 0 - Great Falls 1 |
| BOTTOM OF THE 6TH |
|
Great Falls Voyagers batting - Pitching for Cleveland (APP) Indians : RHP Mike Shields
|
|
Batting: LHB Carlos Ramirez
|
0-0: SINGLE (Line Drive, 89S, EV 100.0 MPH)
|
|
Batting: RHB Vic Lucatero
|
0-0: Called Strike 0-1: Ball Wild Pitch! Carlos Ramirez to second 1-1: Foul Ball, location: 2F 1-2: Strikes out swinging
|
|
Batting: LHB Josh Pittman
|
0-0: Intentional Walk
|
|
Batting: RHB Duncan Collins
|
0-0: Ball 1-0: SINGLE (Groundball, 34D, EV 104.4 MPH) Carlos Ramirez to third Josh Pittman to second
|
|
Batting: SHB Matt Childers
|
0-0: Ball 1-0: Ball 2-0: Ball Passed Ball! Carlos Ramirez scores Josh Pittman to third Duncan Collins to second 3-0: Intentional Walk
|
|
Batting: RHB Tommy Ellington
|
0-0: Swinging Strike Passed Ball! Josh Pittman scores Duncan Collins to third Matt Childers to second 0-1: Swinging Strike 0-2: Ball 1-2: Fly out, F6 (Popup, 6MS, EV 60.6 MPH)
|
|
Pitching: RHP Gilbert Paparelli
|
|
|
Batting: RHB Billy Grubbs
|
0-0: Foul Ball, location: 2F 0-1: Ball 1-1: Called Strike 1-2: Ball Passed Ball! Duncan Collins scores Matt Childers to third 2-2: Ball 3-2: Foul Ball, location: 2F 3-2: Strikes out swinging
|
| Bottom of the 6th over - 3 runs, 2 hits, 0 errors, 1 left on base; Cleveland (APP) 0 - Great Falls 4 |
| TOP OF THE 7TH |
|
Cleveland (APP) Indians batting - Pitching for Great Falls Voyagers : LHP David Schultz
|
|
Now in LF: Andy Cotton
|
|
|
Now in CF: Josh Newby
|
|
|
Batting: RHB Juan Gallardo
|
0-0: Ball 1-0: Ground out 6-3 (Groundball, 56, EV 104.4 MPH)
|
|
Batting: RHB Luis Roman
|
0-0: Foul Ball, location: 2F 0-1: Ball 1-1: Ball 2-1: Ball 3-1: Swinging Strike 3-2: Strikes out swinging
|
|
Batting: LHB Kenji Yokoyama
|
0-0: Ground out 6-3 (Groundball, 6, EV 78.1 MPH)
|
| Top of the 7th over - 0 runs, 0 hits, 0 errors, 0 left on base; Cleveland (APP) 0 - Great Falls 4 |
| BOTTOM OF THE 7TH |
|
Great Falls Voyagers batting - Pitching for Cleveland (APP) Indians : RHP Gilbert Paparelli
|
|
Batting: RHB Andy Cotton
|
0-0: Ball 1-0: Ball 2-0: Ball 3-0: Called Strike 3-1: Base on Balls
|
|
Batting: SHB Jose Romo
|
0-0: Sac Bunt to 13 - play at first, batter OUT! 1-3 Andy Cotton to second
|
|
Batting: LHB Carlos Ramirez
|
0-0: Intentional Walk
|
|
Batting: RHB Vic Lucatero
|
0-0: Ball 1-0: Swinging Strike 1-1: 3-RUN HOME RUN (Flyball, 78XD, EV 107.5 MPH), Distance : 407 ft
|
|
Batting: RHB Josh Newby
|
0-0: Foul Ball, location: 2F 0-1: Ball 1-1: Ground out 5-3 (Groundball, 56, EV 78.1 MPH)
|
|
Pitching: LHP Jordan Jimenez
|
|
|
Batting: RHB Duncan Collins
|
0-0: Ball 1-0: Ball 2-0: Ball 3-0: Called Strike 3-1: Foul Ball, location: 2F 3-2: Base on Balls
|
|
Batting: SHB Matt Childers
|
0-0: Ball 1-0: Ball 2-0: Swinging Strike Passed Ball! Duncan Collins to second 2-1: Foul Ball, location: 2F 2-2: Ball 3-2: Foul Ball, location: 2F 3-2: Foul Ball, location: 2F 3-2: Foul Ball, location: 2F 3-2: Foul Ball, location: 2F 3-2: Foul Ball, location: 2F 3-2: Foul Ball, location: 2F 3-2: Base on Balls
|
|
Batting: RHB Tommy Ellington
|
0-0: Called Strike 0-1: Ball Passed Ball! Duncan Collins to third Matt Childers to second 1-1: Foul Ball, location: 2F 1-2: Ball 2-2: Foul Ball, location: 2F 2-2: Foul Ball, location: 2F 2-2: Reached on error, E6 (Groundball, 6, EV 88.1 MPH) Duncan Collins scores Matt Childers to third
|
|
Batting: RHB Billy Grubbs
|
0-0: Foul Ball, location: 2F 0-1: Ball 1-1: Swinging Strike 1-2: Ball 2-2: Ball 3-2: SINGLE (Line Drive, 7LS, EV 103.8 MPH) Matt Childers scores Tommy Ellington to second Tommy Ellington to third
|
|
Batting: RHB Andy Cotton
|
0-0: Ball 1-0: Foul Ball, location: 2F 1-1: Ball 2-1: Ball Passed Ball! Tommy Ellington scores Billy Grubbs to second 3-1: Base on Balls
|
|
Batting: SHB Jose Romo
|
0-0: Called Strike 0-1: Swinging Strike 0-2: Foul Ball, location: 2F 0-2: Ball 1-2: Reached on error, E5 (Groundball, 56, EV 91.9 MPH) Billy Grubbs to third Andy Cotton to second
|
|
Batting: LHB Carlos Ramirez
|
0-0: Ball Passed Ball! Billy Grubbs scores Andy Cotton to third Jose Romo to second 1-0: Ball 2-0: Foul Ball, location: 2F 2-1: Swinging Strike Passed Ball! Andy Cotton scores Jose Romo to third 2-2: Ball Passed Ball! Jose Romo scores 3-2: Base on Balls
|
|
Batting: RHB Vic Lucatero
|
0-0: Ball 1-0: Ball 2-0: Ball 3-0: Base on Balls Carlos Ramirez to second
|
|
Batting: RHB Josh Newby
|
0-0: Ball Passed Ball! Carlos Ramirez to third Vic Lucatero to second 1-0: Called Strike 1-1: Foul Ball, location: 2F 1-2: Ground out 5-3 (Groundball, 5, EV 87.5 MPH)
|
| Bottom of the 7th over - 9 runs, 2 hits, 2 errors, 2 left on base; Cleveland (APP) 0 - Great Falls 13 |
| TOP OF THE 8TH |
|
Cleveland (APP) Indians batting - Pitching for Great Falls Voyagers : LHP David Schultz
|
|
Batting: RHB Joe Shade
|
0-0: Ball 1-0: Ball 2-0: Ground out 6-3 (Groundball, 6, EV 105.6 MPH)
|
|
Batting: LHB Heath Ryland
|
0-0: Swinging Strike 0-1: Foul Ball, location: 2F 0-2: Ball 1-2: Ball 2-2: Strikes out looking
|
|
Batting: RHB Ken Shear
|
0-0: Ball 1-0: Ball 2-0: Ball 3-0: Called Strike 3-1: Ground out 6-3 (Groundball, 6, EV 83.8 MPH)
|
| Top of the 8th over - 0 runs, 0 hits, 0 errors, 0 left on base; Cleveland (APP) 0 - Great Falls 13 |
| BOTTOM OF THE 8TH |
|
Great Falls Voyagers batting - Pitching for Cleveland (APP) Indians : LHP Jordan Jimenez
|
|
Batting: RHB Duncan Collins
|
0-0: SINGLE (Groundball, P, EV 86.9 MPH) (infield hit)
|
|
Batting: SHB Matt Childers
|
0-0: 2-RUN HOME RUN (Flyball, 78XD, EV 111.2 MPH), Distance : 422 ft
|
|
Batting: RHB Tommy Ellington
|
0-0: Foul Ball, location: 2F 0-1: SINGLE (Groundball, 4MD, EV 97.5 MPH)
|
|
Batting: RHB Billy Grubbs
|
0-0: Swinging Strike 0-1: Ball 1-1: Foul Ball, location: 2F 1-2: Strikes out swinging
|
|
Batting: RHB Andy Cotton
|
0-0: Ball 1-0: Ball 2-0: Called Strike 2-1: Ball Passed Ball! Tommy Ellington to second 3-1: Base on Balls
|
|
Batting: SHB Jose Romo
|
0-0: Swinging Strike 0-1: Ground out U3 (Groundball, 34S, EV 68.1 MPH) Tommy Ellington to third Andy Cotton to second
|
|
Batting: LHB Carlos Ramirez
|
0-0: Ball 1-0: Called Strike 1-1: Foul Ball, location: 2F 1-2: Foul Ball, location: 2F 1-2: Ball 2-2: Ball Passed Ball! Tommy Ellington scores Andy Cotton to third 3-2: Base on Balls
|
|
Batting: RHB Vic Lucatero
|
0-0: Ball Passed Ball! Andy Cotton scores Carlos Ramirez to second 1-0: Ball Passed Ball! Carlos Ramirez to third 2-0: Called Strike 2-1: Ball 3-1: Foul Ball, location: 2F 3-2: Base on Balls
|
|
Batting: RHB Josh Newby
|
0-0: Ball Passed Ball! Carlos Ramirez scores Vic Lucatero to second 1-0: Ball 2-0: Ball Wild Pitch! Vic Lucatero to third 3-0: Base on Balls
|
|
Batting: RHB Duncan Collins
|
0-0: Called Strike 0-1: Ball 1-1: Foul Ball, location: 2F 1-2: Fly out, F8 (Flyball, 78D, EV 101.2 MPH)
|
| Bottom of the 8th over - 5 runs, 3 hits, 0 errors, 2 left on base; Cleveland (APP) 0 - Great Falls 18 |
| TOP OF THE 9TH |
|
Cleveland (APP) Indians batting - Pitching for Great Falls Voyagers : LHP David Schultz
|
|
Pitching: RHP Rick Sacket
|
|
|
Batting: LHB Jose Esteban
|
0-0: Swinging Strike 0-1: Ball 1-1: Foul Ball, location: 2F 1-2: Ball 2-2: Strikes out swinging
|
|
Batting: RHB John Clark
|
0-0: Ball 1-0: Ball 2-0: Called Strike 2-1: Ball 3-1: Base on Balls
|
|
Batting: RHB Carlos Manriquez
|
0-0: Ball 1-0: Swinging Strike 1-1: Ball 2-1: Swinging Strike 2-2: Strikes out swinging
|
|
Batting: RHB Juan Gallardo
|
0-0: Ball 1-0: Ball 2-0: Called Strike 2-1: Ball 3-1: Base on Balls John Clark to second
|
|
Batting: RHB Luis Roman
|
0-0: Ball 1-0: Called Strike 1-1: Ball 2-1: Called Strike 2-2: Fielders Choice at 2nd, 5-4 (Groundball, 56, EV 80.6 MPH)
|
| Top of the 9th over - 0 runs, 0 hits, 0 errors, 2 left on base; Cleveland (APP) 0 - Great Falls 18 |
|